 Dungeon Crawl Stone Soup version 0.28.0-53-g5a82cb258f (webtiles) character file.

Game seed: 16298969255618683583

143 Gabide the Stinger (level 5, -6/35 HPs)
             Began as a Formicid Venom Mage on June 13, 2022.
             Mangled by a killer bee zombie (7 damage)
             ... on level 3 of the Dungeon.
             The game lasted 00:02:25 (2411 turns).

Gabide the Stinger (Formicid Venom Mage)            Turns: 2411, Time: 00:02:25

Health: -6/35      AC:  3    Str: 12    XL:     5   Next: 50%
Magic:  6/9        EV: 12    Int: 17    God:
Gold:   102        SH:  0    Dex: 11    Spells: 8/9 levels left

rFire   . . .      SeeInvis +   (no weapon)
rCold   . . .      Faith    .   (no shield)
rNeg    . . .      Spirit   .   a - +0 robe
rPois   .          Reflect  .   (helmet unavailable)
rElec   .          Harm     .   (no cloak)
rCorr   .          Rampage  .   (no gloves)
Will    .....                   g - +0 pair of boots
Stlth   ++........              (no amulet)
HPRegen 0.11/turn               (no ring)
MPRegen 0.11/turn               (no ring)

@: no status effects
A: permanent stasis, dig shafts and tunnels, antennae 3, four strong arms
a: Dig, Shaft Self


You were on level 3 of the Dungeon.
You visited 1 branch of the dungeon, and saw 3 of its levels.

You collected 102 gold pieces.

Inventory:

Missiles
 e - 2 throwing nets
Armour
 a - a +0 robe (worn)
 g - a +0 pair of boots (worn)
Scrolls
 c - a scroll of identify
 d - a scroll of enchant weapon
 f - 2 scrolls of magic mapping
Potions
 b - a potion of mutation
 h - a potion of attraction
 i - a potion of cancellation {unknown}


   Skills:
 - Level 2.0 Dodging
 - Level 3.0 Stealth
 + Level 2.8 Spellcasting
 * Level 3.2 Transmutations
 * Level 5.6 Poison Magic


You had 8 spell levels left.
You knew the following spells:

 Your Spells              Type           Power      Damage    Failure   Level
a - Sting                 Tmut/Pois      68%        1d6       2%          1

Your spell library contained the following spells:

 Spells                   Type           Power      Damage    Failure   Level
 Poisonous Vapours        Pois/Air       24%        N/A       9%          2
 Olgreb's Toxic Radiance  Pois           21%        N/A       17%         4
 Pain                     Necr           8%         1d4       19%         1
 Mephitic Cloud           Conj/Pois/Air  8%         N/A       24%         3
 Frozen Ramparts          Ice            4%         1d2       47%         3
 Lesser Beckoning         Tloc           2%         N/A       47%         3
 Ice Form                 Ice/Tmut       8%         N/A       65%         4
 Summon Ice Beast         Ice/Summ       2%         N/A       87%         4
 Agony                    Necr           2%         N/A       99%         5
 Excruciating Wounds      Necr           1%         N/A       99%         5
 Manifold Assault         Tloc           2%         N/A       99%         5
 Blink                    Tloc           Unusable   N/A       N/A         2

Dungeon Overview and Level Annotations

Branches:
Dungeon (3/15)

Altars:
Kikubaaqudgha

Annotations:
D:3 1 runed translucent door, glosham's ghost, amateur DjCA


Innate Abilities, Weirdness & Mutations

You cannot be hasted, slowed, berserked, paralysed or teleported.
You can dig through walls and to a lower floor.
You have a pair of large antennae on your head. (SInv)
Your four strong arms can wield two-handed weapons with a shield.


Message History

The killer bee zombie is severely damaged.
The killer bee zombie misses you.
The killer bee zombie closely misses you.
You hit the killer bee zombie.
The killer bee zombie is severely damaged.
The killer bee zombie barely misses you. x2
You hit the killer bee zombie.
The killer bee zombie is severely damaged.
The killer bee zombie barely misses you. x2
You closely miss the killer bee zombie.
The killer bee zombie is severely damaged.
The killer bee zombie barely misses you.
The killer bee zombie hits you but does no damage.
You closely miss the killer bee zombie.
The killer bee zombie is severely damaged.
The killer bee zombie barely misses you.
You barely miss the killer bee zombie.
The killer bee zombie is severely damaged.
The killer bee zombie closely misses you.
The killer bee zombie barely misses you.
You hit the killer bee zombie.
The killer bee zombie is severely damaged.
The killer bee zombie hits you!
* * * LOW HITPOINT WARNING * * *
The killer bee zombie completely misses you.
You barely miss the killer bee zombie.
The killer bee zombie is severely damaged.
The killer bee zombie barely misses you. x2
Okay, then.
You barely miss the killer bee zombie.
The killer bee zombie is severely damaged.
The killer bee zombie barely misses you.
The killer bee zombie closely misses you.
You miss the killer bee zombie.
The killer bee zombie is severely damaged.
The killer bee zombie misses you.
You barely miss the killer bee zombie.
The killer bee zombie is severely damaged.
The killer bee zombie hits you!
You die...

####..##.##.....
#...........#..
...####..########.###
..........##....#.#
#.#####.⌠....≈_.#.# #
#.....≈...#.#
#.#####...≈≈≈...#.#
#........≈≈≈≈..##.#
####@#...≈≈≈≈≈.##.#
#Z##.≈≈≈≈≈...#
#.###.≈.≈..⌠... #..
.........## #.#
......#### #.#
####### ...#.##.#
#.##.##.# #.##.#


You could see a killer bee zombie.

Vanquished Creatures
  A jelly (D:2)
  Terence (D:2)
  3 gnolls (D:3)
  3 adders (D:2)
  3 bats
  An endoplasm (D:3)
  A giant cockroach (D:1)
  7 goblins
  4 hobgoblins
  2 kobolds
  2 quokkas
  4 ball pythons
  2 frilled lizards (D:1)
  3 rats
37 creatures vanquished.

Vanquished Creatures (others)
  A plant (D:3)
1 creature vanquished.

Grand Total: 38 creatures vanquished

Notes
Turn   | Place    | Note
-------+----------+-------------------------------------------
     0 | D:1      | Gabide the Formicid Venom Mage began the quest for the Orb.
     0 | D:1      | Reached XP level 1. HP: 13/13 MP: 3/3
   185 | D:1      | Reached XP level 2. HP: 19/19 MP: 3/5
   279 | D:1      | Found a faded altar of an unknown god.
   831 | D:2      | Reached XP level 3. HP: 24/24 MP: 2/6
  1075 | D:2      | Noticed Terence
  1083 | D:2      | Killed Terence
  1084 | D:2      | Reached skill level 5 in Poison Magic
  1084 | D:2      | Reached XP level 4. HP: 20/30 MP: 0/7
  1406 | D:2      | Reached XP level 5. HP: 35/35 MP: 4/9
  1720 | D:3      | Found a runed translucent door.
  1720 | D:3      | Noticed glosham's ghost (amateur DjCA)
  2379 | D:3      | Found an ancient bone altar of Kikubaaqudgha.
  2407 | D:3      | HP: 1/35 [killer bee zombie (7)]
  2411 | D:3      | Mangled by a killer bee zombie

Illustrated notes

Levels and vault maps discovered:
D:1:      enne_arrival_octagon_isle, layout_loops_ring,
          hellmonk_ecumenical_altar_blasted
D:2:      layout_rooms, uniq_terence
D:3:      layout_loops_ring, kiku_gazebo_pond_becter,
          hellmonk_ghost_happy_afterlife, nicolae_grassy_gnolls,
          uniq_crazy_yiuf_cottage

Skill      XL: |  1  2  3  4  5 |
---------------+----------------+-----
Transmutations | 2 3 |  3.2
Dodging        | 2 |  2.0
Poison Magic   | 5 |  5.6
Stealth        | 3 |  3.0
Spellcasting   | |  2.8

Action                   |  1- 3 |  4- 6 || total
-------------------------+-------+-------++-------
Melee: Unarmed           |     7 |    22 ||    29
       Punch             |       |     1 ||     1
 Cast: Sting             |    46 |    37 ||    83
  Use: Scroll            |     1 |     3 ||     4
Armor: Robe              |     2 |     8 ||    10
Dodge: Dodged            |    14 |    35 ||    49
